Map: King's Cove LE

Players

phog

  • Race: Terran Terran
  • League: Gold
  • Spawn Location: 5:00

wootwoot - Winner!

  • Race: Protoss Protoss
  • League: Gold
  • Spawn Location: 11:00

VOD

Have the link to the VOD?

Description

Time

  • Played on: April 1, 2025, 6:50 p.m.
  • Length: 5:51
Show
View Real Time Build Order
Export as new Build Order

phog Terran 

Build Orders:  

Get SALT Encoding   

  12  0:02  SCV  
  13  0:15  SCV  
  14  0:22  Supply Depot  
  14  0:27  SCV  
  15  0:44  Barracks  
  15  0:47  SCV  
  16  0:55  Refinery  
  16  0:57  Refinery  
  16  0:59  SCV  
  17  1:11  SCV  
  18  1:16  Barracks  
  18  1:23  SCV  
  19  1:35  SCV, Reaper  
  21  1:47  SCV  
  21  1:52  Supply Depot  
  22  1:59  SCV  
  23  2:06  Barracks Tech Lab  
  23  2:19  Barracks Tech Lab  
  23  2:22  Orbital Command  
  23  2:26  Marauder  
  23  2:28  Combat Shield  
  25  2:39  Concussive Shells  
  25  2:42  Marauder  
  27  2:47  Factory  
  26  2:54  Marauder  
  28  3:09  Bunker  
  28  3:15  Marine  
  29  3:20  Marauder  
  31  3:33  Supply Depot, Factory Reactor  
  31  3:50  Supply Depot, SCV  
  31  3:52  Marauder  
  34  3:59  Marauder  
  34  4:02  SCV  
  37  4:14  SCV, Hellion  
  40  4:18  Hellion  
  44  4:24  Marauder  
  44  4:32  Marauder  
  44  4:37  Hellion  
  48  4:43  Hellion  
  50  4:46  SCV  
  47  5:03  Marauder  
  47  5:04  Marauder  
  49  5:08  Bunker  
  49  5:14  Hellion  
  53  5:26  Hellion  
Show
View Real Time Build Order
Export as new Build Order

wootwoot Protoss - Winner!

Build Orders: 1 Gate Expand, Blink Stalkers 

Get SALT Encoding   

  12  0:00  Probe  
  13  0:12  Probe  
  14  0:18  Pylon  
  14  0:24  Probe  
  15  0:33  Probe  
  15  0:40  Gateway  
  15  0:41  Probe  
  16  0:47  Assimilator  
  17  0:51  Probe  
  18  1:03  Probe  
  19  1:15  Probe  
  20  1:25  Nexus  
  20  1:34  Cybernetics Core  
  20  1:40  Assimilator  
  20  1:42  Probe  
  21  1:50  Probe  
  21  1:52  Pylon  
  21  1:58  Probe  
  21  1:59  Stalker  
  23  2:10  Probe  
  23  2:12  Warp Gate  
  26  2:22  Probe  
  27  2:28  Twilight Council  
  27  2:34  Probe x2  
  28  2:42  Probe  
  29  2:44  Blink  
  29  2:46  Probe  
  31  2:52  Probe  
  33  2:58  Probe  
  33  3:04  Probe  
  34  3:10  Probe  
  35  3:16  Probe  
  36  3:22  Probe  
  37  3:27  Gateway  
  37  3:28  Gateway, Probe  
  37  3:29  Robotics Facility  
  38  3:34  Probe  
  38  3:40  Probe  
  40  3:46  Gateway  
  40  3:47  Gateway, Probe  
  41  3:51  Gateway  
  41  3:56  Pylon  
  41  4:00  Pylon  
  41  4:02  Stalker  
  43  4:06  Warp Prism  
  45  4:22  Stalker  
  45  4:23  Stalker  
  49  4:26  Stalker  
  49  4:28  Probe  
  49  4:29  Assimilator  
  49  4:30  Probe  
  53  4:41  Stalker  
  53  4:42  Stalker  
  53  4:45  Stalker  
  59  4:46  Stalker  
  59  4:51  Pylon  
  61  4:57  Pylon  
  61  5:13  Pylon  
  61  5:19  Stalker x3  
  61  5:20  Stalker x2  
  65  5:42  Stalker x2  
  63  5:43  Stalker x4  
Tags
 
Composition
Blink Stalkers
League
GoldGold
Matchup
PvT
Replay Pack
B2M-Replays
Spawn Locations
Cross Positions
Add a new tag
Caveats
  • Supply blocks, unpowered buildings, or Contaminate may cause inaccurate times.
  • Supply counts are checked every 10 seconds.